AoeStats
← AiM | CyclopsTron

Lombardia

507625509Analyzed
4v4 RM · 12d ago on Sep 19, 2026· 34m 13s· 8 players
Game mode
Random Map
Map size
Large (8 player)
Population
200
Speed
Normal
Resources
Standard
Victory
Conquest
Starting age
Dark Age
Ending age
Imperial Age
RankedLock teamsTeams togetherTeam positionsShared explorationLock speedFull tech treeHidden civsTurbo modeCheats
Victory
Defeat
🇺🇸 Spanish · United States
1912
+5
🇺🇸 Ethiopians · United States
1898
+5
🇵🇪 Mongols · Peru
1676
+11
🇺🇸 Magyars · United States
1671
+11
🇲🇽 Khmer · Mexico
1682
-11
🇵🇪 Armenians · Peru
1673
-11
🇦🇷 Saracens · Argentina
1505
-5
🇦🇷 Ethiopians · Argentina
1504
-5
Bubbagump
6:44 Loom
9:05 Feudal Age
10:12 Double-Bit Axe
13:15 Fletching
26:02 Castle Age
24:20 Gold Mining
24:31 Horse Collar
24:53 Padded Archer Armor
26:40 Bodkin Arrow
26:06 Crossbowman
27:05 Bow Saw
27:39 Leather Archer Armor
28:00 Ballistics
28:50 Wheelbarrow
36:13 Imperial Age
noru
7:56 Feudal Age
9:28 Double-Bit Axe
10:26 Loom
14:26 Forging
21:14 Castle Age
20:04 Bloodlines
19:55 Horse Collar
21:16 Light Cavalry
22:08 Bow Saw
26:10 Stone Mining
27:30 Wheelbarrow
27:55 Stone Shaft Mining
27:37 Gold Mining
29:52 Heavy Plow
32:40 Hand Cart
35:41 Imperial Age
32:57 Town Watch
33:46 Fletching
嗚
10:28 Feudal Age
14:54 Castle Age
13:21 Double-Bit Axe
13:50 Horse Collar
15:49 Loom
21:30 Wheelbarrow
25:12 Bow Saw
26:44 Corvinian Army
28:03 Scale Barding Armor
29:46 Bloodlines
31:56 Chain Barding Armor
32:53 Husbandry
33:22 Stone Mining
33:55 Gold Mining
NaiLiu
10:29 Feudal Age
11:56 Loom
14:53 Castle Age
13:38 Double-Bit Axe
14:04 Horse Collar
16:03 Bow Saw
25:44 Padded Archer Armor
26:36 Wheelbarrow
27:59 Leather Archer Armor
28:17 Heavy Plow
28:08 Gold Mining
32:55 Imperial Age
31:15 Bloodlines
31:05 Husbandry
31:36 Hand Cart
31:31 Town Watch
34:13 Ring Archer Armor
AiM | CyclopsTron
10:15 Feudal Age
13:36 Castle Age
12:14 Double-Bit Axe
13:32 Loom
13:48 Horse Collar
16:47 Loom
18:00 Heavy Plow
20:22 Scale Barding Armor
20:40 Husbandry
21:06 Bow Saw
21:03 Town Watch
22:01 Chain Barding Armor
23:09 Wheelbarrow
28:52 Chain Barding Armor
28:58 Fletching
30:59 Chain Barding Armor
TQLeo
6:11 Loom
8:57 Feudal Age
9:32 Double-Bit Axe
14:01 Fletching
20:04 Town Watch
22:29 Wheelbarrow
26:22 Castle Age
26:26 Horse Collar
26:50 Padded Archer Armor
26:28 Crossbowman
27:27 Bodkin Arrow
28:33 Ballistics
GABO
6:47 Loom
9:01 Feudal Age
14:50 Fletching
19:37 Padded Archer Armor
27:03 Castle Age
28:12 Bodkin Arrow
28:06 Crossbowman
28:54 Thumb Ring
30:50 Leather Archer Armor
30:41 Gold Mining
30:39 Double-Bit Axe
30:37 Horse Collar
31:58 Ballistics
34:13 Bow Saw
GB | Renzo
5:31 Loom
6:33 Loom
9:23 Feudal Age
10:02 Double-Bit Axe
10:17 Man-at-Arms
11:14 Long Swordsman
19:20 Wheelbarrow
19:41 Arson
20:04 Town Watch
24:41 Castle Age
22:34 Stone Mining
22:45 Gold Mining
23:06 Horse Collar
23:18 Fletching
23:39 Forging
25:47 Bodkin Arrow
26:33 Hand Cart
27:46 Padded Archer Armor
28:20 Ballistics
31:53 Bow Saw
Connection lost

Rejoining the realm…

Still unreachable

The connection could not be restored.

Session expired

The server has moved on; the page needs a fresh start.